 Dungeon Crawl Stone Soup version 0.21-a0-157-gb89e0e2 (webtiles) character file.

7 Goblin1989 the Sneak (level 1, -1/17 HPs)
             Began as a Demonspawn Assassin on Aug 4, 2017.
             Slain by an adder (4 damage)
             ... on level 1 of the Dungeon.
             The game lasted 00:01:30 (463 turns).

Goblin1989 the Sneak (Demonspawn Assassin)           Turns: 463, Time: 00:01:31

Health: -1/17      AC:  3    Str: 11    XL:     1   Next: 83%
Magic:  1/1        EV: 11    Int: 12    God:
Gold:   24         SH:  0    Dex: 14    Spells: 0/0 levels left

rFire    . . .     SeeInvis .   a - +2 dagger
rCold    . . .     Gourm    .   (no shield)
rNeg     . . .     Faith    .   c - +0 robe
rPois    .         Spirit   .   (no helmet)
rElec    .         Reflect  .   d - +0 cloak
rCorr    .         Harm     .   (no gloves)
MR       .....                  (no boots)
Stlth    ++........             (no amulet)
HPRegen  0.05/turn              (no ring)
MPRegen  0.07/turn              (no ring)

@: no status effects
A: no striking features
a: no special abilities


You were on level 1 of the Dungeon.
You were not hungry.

You visited 1 branch of the dungeon, and saw 1 of its levels.

You collected 24 gold pieces.

Inventory:

Hand Weapons
 a - a +2 dagger (weapon)
 w - a +0 blowgun {@w1}
Missiles
 f - a curare-tipped needle
 g - 8 poisoned needles
Armour
 c - a +0 robe (worn)
 d - a +0 cloak (worn)
Potions
 u - a potion of might {unknown}
 x - a potion of curing {unknown}
Comestibles
 e - a bread ration {@e1}
 v - a chunk of flesh


   Skills:
 + Level 2.6 Fighting
 - Level 1.7 Short Blades
 - Level 1.7 Throwing
 - Level 0.8 Dodging
 - Level 3.6 Stealth


You couldn't memorise any spells.
You didn't know any spells.

Dungeon Overview and Level Annotations

Branches:
Dungeon (1/15)

Altars:


Message History

No target in view!
No target in view!
No target in view!
No target in view!
No target in view!
No target in view!
No target in view!
No target in view!
u - a sedimented cyan potion Health restored: 17 A rat comes into view.
Found a stone staircase leading down.
A rat is nearby!
The helpless rat fails to defend itself.
You puncture the rat!
You kill the rat!
No target in view!
No target in view!
No target in view!
No target in view!
No target in view!
No target in view!
No target in view!
No target in view!
No target in view!
No target in view!
No target in view!
No target in view!
No target in view!
No target in view!
There is a stone staircase leading down here.
Key pressed, stopping explore.
A hobgoblin comes into view. It is wielding a club.
A kobold comes into view.
The hobgoblin shouts!
The kobold hits you.
The hobgoblin moves out of view.
You take 4 damage, and have 13/17 hp.
MASSIVE DAMAGE!!
You barely miss the kobold. You miss the kobold. The kobold hits you.
You take 4 damage, and have 9/17 hp.
MASSIVE DAMAGE!!
You are too injured to fight recklessly!
You are too injured to fight recklessly!
You are too injured to fight recklessly!
You are too injured to fight recklessly!
You are too injured to fight recklessly!
You are too injured to fight recklessly!
You are too injured to fight recklessly!
You are too injured to fight recklessly!
You are too injured to fight recklessly!
You are too injured to fight recklessly!
You are too injured to fight recklessly!
You are too injured to fight recklessly!
You are too injured to fight recklessly!
You are too injured to fight recklessly!
You are too injured to fight recklessly!
You are too injured to fight recklessly!
You are too injured to fight recklessly!
You are too injured to fight recklessly!
You are too injured to fight recklessly!
You are too injured to fight recklessly!
You are too injured to fight recklessly!
You are too injured to fight recklessly!
You are too injured to fight recklessly!
You are too injured to fight recklessly!
You are too injured to fight recklessly!
You are too injured to fight recklessly!
You are too injured to fight recklessly!
You are too injured to fight recklessly!
You are too injured to fight recklessly!
You are too injured to fight recklessly!
You are too injured to fight recklessly!
The hobgoblin hits you with a club.
* * * LOW HITPOINT WARNING * * *
The kobold hits you.
* * * LOW HITPOINT WARNING * * *
You take 5 damage, and have 4/17 hp.
MASSIVE DAMAGE!!
You hit the hobgoblin but do no damage. The hobgoblin hits you with a club.
* * * LOW HITPOINT WARNING * * *
An adder comes into view.
You take 2 damage, and have 2/17 hp.
Wield which item (- for none, * to show all)? (? for menu, Esc to quit)
w - a +0 blowgun (weapon)
{@w1} Firing (i - inventory. (,) - cycle):
f - 2 curare-tipped needles (quivered)
Press: ? - help, Shift-Dir - straight line, f - adder
Aim: an adder You shoot a curare-tipped needle.
The curare-tipped needle hits the adder.
The adder is poisoned.
The adder convulses.
The adder seems to slow down.
The adder is moderately wounded.
The hobgoblin closely misses you.
Firing (i - inventory. (,) - cycle):
f - a curare-tipped needle (quivered)
Press: ? - help, Shift-Dir - straight line, f/p - adder
Aim: an adder (moderately wounded, slow, poisoned)
Okay, then.
a - a +2 dagger (weapon)
The hobgoblin hits you but does no damage.
You closely miss the adder.
The adder is moderately wounded.
The adder bites you.
You die... █.......█ █.█ █████████

█.█ .█ █.█ █.█ █ █.█ █.█ ██
█.█ █.█ .██ ████.█ █.███
..██ ██.██.███ █.█.██
...████.......██████....████
...∆........(..S@gK........▲
...████...█.█.██████....███
..██ █.......█ █.█.██ .██
█████.███ █..█ █ ██ █.█ █.██
█ █.█ █. █.█ █.
███████████.█ █.
█.........█.█ █.


You could see an adder, a hobgoblin and a kobold.

Vanquished Creatures
  A giant cockroach (D:1)
  A ball python (D:1)
  2 bats (D:1)
  2 frilled lizards (D:1)
  A kobold (D:1)
  2 rats (D:1)
9 creatures vanquished.

Notes
Turn   | Place    | Note
-------+----------+-------------------------------------------
     0 | D:1      | Goblin1989 the Demonspawn Assassin began the quest for the Orb.
     0 | D:1      | Reached XP level 1. HP: 16/16 MP: 1/1
   463 | D:1      | Slain by an adder

Vault maps used:
D:1:      roderic_dead_forest, nicolae_ashenzari_panopticon

Action                   || total
-------------------------++-------
Melee: Dagger            ||    29
 Fire: Blowgun           ||     1
 Stab: Sleeping          ||     2
Armor: Robe              ||     7
Dodge: Dodged            ||    15

Vault maps used:
D:1:      roderic_dead_forest, nicolae_ashenzari_panopticon
